 Dungeon Crawl Stone Soup version 0.28.0-1-gb440e238dd (webtiles) character file.

Game seed: 10595781666614507979

711 a3don the Shield-Bearer (level 7, 0/63 HPs)
             Began as a Minotaur Fighter on Feb 22, 2022.
             Was an Initiate of Nemelex Xobeh.
             Succumbed to a green ugly thing's poison
             ... on level 6 of the Dungeon.
             The game lasted 00:04:32 (4278 turns).

a3don the Shield-Bearer (Minotaur Fighter)          Turns: 4278, Time: 00:04:33

Health: 0/63       AC:  7    Str: 22    XL:     7   Next: 40%
Magic:  6/6        EV:  9    Int:  5    God:    Nemelex Xobeh [......]
Gold:   271        SH:  6    Dex: 16    Spells: 6/6 levels left

rFire   . . .      SeeInvis .   p - +3 war axe
rCold   . . .      Faith    .   c - +0 buckler
rNeg    . . .      Spirit   .   b - +0 scale mail
rPois   .          Reflect  .   (helmet restricted)
rElec   .          Harm     .   (no cloak)
rCorr   .          Rampage  .   (no gloves)
Will    .....                   (no boots)
Stlth   ..........              (no amulet)
HPRegen 0.20/turn               j - +6 ring of dexterity
MPRegen 0.10/turn               (no ring)

@: lethally poisoned (0 -> -63)
A: horns 2, retaliatory headbutt
a: Renounce Religion, Draw Escape, Draw Destruction, Draw Summoning


You were on level 6 of the Dungeon.
You worshipped Nemelex Xobeh.
Nemelex Xobeh was noncommittal.
You visited 1 branch of the dungeon, and saw 6 of its levels.

You collected 271 gold pieces.

Inventory:

Hand Weapons
 a - a +0 war axe
 p - a +3 war axe (weapon)
 s - a +2 lajatang of speed
Missiles
 g - 4 atropa-tipped darts (quivered)
 u - a throwing net
Armour
 b - a +0 scale mail (worn)
 c - a +0 buckler (worn)
 r - a scarf of harm
Jewellery
 j - a +6 ring of dexterity (left hand)
Scrolls
 f - 4 scrolls of teleportation
 h - a scroll of magic mapping
 m - a scroll of fog
 n - a scroll of enchant armour {unknown}
 o - 2 scrolls of summoning {unknown}
Potions
 d - 2 potions of might
 e - 2 potions of berserk rage
 i - 2 potions of resistance {unknown}
 k - a potion of degeneration {unknown}
 l - 3 potions of curing {unknown}
 q - a potion of heal wounds {unknown}
 t - a potion of lignification {unknown}


   Skills:
 + Level 6.0 Fighting
 + Level 5.3 Axes
 + Level 6.0 Armour
 + Level 6.0 Shields
 + Level 1.1 Invocations


You had 6 spell levels left.
You didn't know any spells.
Your spell library contained the following spells:

 Spells                   Type           Power      Damage    Failure   Level
 Magic Dart               Conj           0%         1d3       86%         1
 Corpse Rot               Necr/Air       0%         N/A       94%         2
 Poisonous Vapours        Pois/Air       0%         N/A       94%         2
 Searing Ray              Conj           0%         2d4       94%         2
 Anguish                  Hex/Necr       0%         N/A       100%        4
 Fulminant Prism          Conj/Hex       0%         3d6       100%        4
 Leda's Liquefaction      Hex/Erth       0%         N/A       100%        4
 Lee's Rapid Deconstruct  Erth           0%         3d5*      100%        5
 Yara's Violent Unravell  Hex/Tmut       0%         3d3       100%        5
 Statue Form              Tmut/Erth      0%         N/A       100%        6
 Summon Cactus Giant      Summ           0%         N/A       100%        6
 Enfeeble                 Hex            0%         N/A       100%        7
 Dragon's Call            Summ           0%         N/A       100%        9


Dungeon Overview and Level Annotations

Branches:
Dungeon (6/15)             Temple (0/1) D:4

Altars:
Cheibriados
Dithmenos
Fedhas
Gozag
Kikubaaqudgha
Nemelex Xobeh
Wu Jian


Innate Abilities, Weirdness & Mutations

You have a pair of horns on your head.
You reflexively headbutt those who attack you in melee.


Message History

Found 12 stones.
No target in view!
No target in view!
No target in view!
A green ugly thing comes into view.
The green ugly thing gurgles horribly!
A green ugly thing is nearby!
The green ugly thing tail-slaps you.
You barely miss the green ugly thing.
The green ugly thing tail-slaps you but does no damage.
You closely miss the green ugly thing. You headbutt the green ugly thing!
The green ugly thing is lightly wounded.
You block the green ugly thing's attack.
You closely miss the green ugly thing.
The green ugly thing is lightly wounded.
The green ugly thing tail-slaps you.
You block the green ugly thing's attack.
You closely miss the green ugly thing.
The green ugly thing is lightly wounded.
You block the green ugly thing's attack.
You slash the green ugly thing! You headbutt the green ugly thing.
The green ugly thing is moderately wounded.
The green ugly thing tail-slaps you.
You are poisoned.
The green ugly thing poisons you!
You slash the green ugly thing!
The green ugly thing is moderately wounded.
You feel extremely sick. The green ugly thing tail-slaps you!
You are lethally poisoned!
The green ugly thing poisons you!
You slash the green ugly thing!
The green ugly thing is heavily wounded.
You feel extremely sick. The green ugly thing tail-slaps you!
* * * LOW HITPOINT WARNING * * *
You are more poisoned.
The green ugly thing poisons you!
You die...
Your body disappears without a glow.

######....#.....##............#..
#...##.......#.#####.............
.................^####.##..##.#..
..................####.## #....
...........##....=....... #.#.#
...........##.#.......... #.#..
..............#.......... .....
....#.............u...... ......
....(...........@........ #......
...####....###$.....##... .......
... ###..# #####....... .... #..#
#.###. .... #..# ... .... #..#
##.. ... ... ... .. ...


You could see a green ugly thing.

Vanquished Creatures
  A sky beast (D:5)
  An ogre (D:4)
  2 scorpions
  A vampire bat (D:3)
  A jelly (D:5)
  An orc wizard (D:3)
  A hound skeleton (D:3)
  Robin (D:2)
  4 gnolls (D:5)
  7 adders
  A white imp (D:6)
  An ufetubus (D:4)
  A dart slug (D:2)
  3 fire bats (D:3)
  7 orcs
  2 spectral bats (D:3)
  14 bats
  3 bat skeletons (D:3)
  A bat zombie (D:3)
  7 endoplasms
  2 giant cockroaches
  10 goblins
  9 hobgoblins (D:2)
  4 jackals (D:1)
  4 kobolds
  5 quokkas
  5 ball pythons
  A bat simulacrum (D:3)
  4 frilled lizards
  6 rats
110 creatures vanquished.

Notes
Turn   | Place    | Note
-------+----------+-------------------------------------------
     0 | D:1      | a3don the Minotaur Fighter began the quest for the Orb.
     0 | D:1      | Reached XP level 1. HP: 19/19 MP: 0/0
    72 | D:1      | Got the Disquisition on the Mutagenic Entourage
   402 | D:1      | Reached XP level 2. HP: 27/27 MP: 1/1
   744 | D:2      | Noticed a scorpion
   754 | D:2      | Killed a scorpion
   755 | D:2      | Reached XP level 3. HP: 26/34 MP: 2/2
   755 | D:2      | Reached XP level 4. HP: 31/41 MP: 3/3
   855 | D:2      | Noticed Robin
   866 | D:2      | Killed Robin
  1292 | D:2      | Found a faded altar of an unknown god.
  1379 | D:3      | Reached XP level 5. HP: 45/47 MP: 4/4
  1642 | D:3      | Reached skill level 5 in Fighting
  1648 | D:3      | Reached skill level 5 in Armour
  1655 | D:3      | Reached skill level 5 in Shields
  1656 | D:3      | Reached XP level 6. HP: 56/56 MP: 5/5
  1941 | D:3      | Found a faded altar of an unknown god.
  1945 | D:3      | Found an ornate altar of the Wu Jian Council.
  2208 | D:4      | Found an ancient bone altar of Kikubaaqudgha.
  2270 | D:4      | Found a snail-covered altar of Cheibriados.
  2299 | D:4      | Found a blossoming altar of Fedhas.
  2450 | D:4      | Found a staircase to the Ecumenical Temple.
  2592 | D:4      | Found an opulent altar of Gozag.
  2632 | D:4      | Got Quceb's Catalogue of Execration
  2942 | D:5      | Entered Level 5 of the Dungeon
  3312 | D:5      | Found a sparkling altar of Nemelex Xobeh.
  3316 | D:5      | Reached skill level 5 in Axes
  3325 | D:5      | Reached XP level 7. HP: 59/62 MP: 6/6
  3699 | D:5      | Became a worshipper of Nemelex Xobeh the Trickster
  3725 | D:5      | Reached skill level 1 in Invocations
  4146 | D:6      | Found a shadowy altar of Dithmenos.
  4267 | D:6      | Noticed a green ugly thing
  4278 | D:6      | Succumbed to a green ugly thing's poison

Illustrated notes

Levels and vault maps discovered:
D:1:      nzn_arrival_crosshair, layout_loops_ring
D:2:      layout_rooms, hellmonk_ecumenical_altar_slurped_away, uniq_robin
D:3:      layout_rooms, nicolae_overflow_ecumenical_swirl, goddamned_bats
D:4:      layout_cave_pods, nicolae_kikubaaqudgha_miasma_corner,
          mainiacjoe_overflow_cross_hatched, mainiacjoe_overflow_24_doors,
          mainiacjoe_overflow_paths, minmay_temple_entry_fiery
D:5:      layout_basic, nemelex_xobeh_ov_fountains_minmay, minmay_misc_feat_five
D:6:      layout_rooms, mainiacjoe_overflow_six_doors_small,
          amcnicky_altar_gilded, kennysheep_path_1

Skill      XL: |  1  2  3  4  5  6  7 |
---------------+----------------------+-----
Fighting       | 4 5 6 |  6.0
Axes           | 3 4 5 |  5.3
Armour         | 4 5 6 |  6.0
Shields        | 4 5 6 |  6.0
Invocations    | 1 |  1.1

Action                   |  1- 3 |  4- 6 |  7- 9 || total
-------------------------+-------+-------+-------++-------
Melee: War axe           |    31 |   169 |    21 ||   221
       Headbutt          |     5 |    12 |     3 ||    20
  Use: Scroll            |       |       |     3 ||     3
       Potion            |       |       |     1 ||     1
 Stab: Distracted        |       |     1 |       ||     1
Armor: Scale mail        |    20 |   109 |    10 ||   139
Dodge: Dodged            |    16 |    93 |     6 ||   115
Block: Buckler           |     7 |    68 |     7 ||    82
